 Dungeon Sprint DCSS version 0.28-a0-941-g140ffa10cf (webtiles) character file.

Game seed: 9279055042794176715

576 Turgor the Carver (level 7, -5/85 HPs)
             Began as a Djinni Gladiator on Nov 29, 2021.
             Was a Priest of Qazlal.
             Killed from afar by a deep elf zephyrmancer (10 damage)
             ... with a bolt of lightning
             ... in the Dungeon (Sprint V: "Ziggurat Sprint") on Nov 30, 2021.
             The game lasted 00:14:18 (481 turns).

Turgor the Carver (Djinni Gladiator)                 Turns: 481, Time: 00:14:19

Health: -5/85      AC: 10    Str: 21    XL:     7   Next: 62%
Gold:   0          EV: 14    Int: 16    God:    Qazlal [***...] SH: 17 Dex: 14

rFire   + + .      SeeInvis .   J - +4 quick blade "Hoef" {drain, rN+ Str+2 Int-2 Stlth+}
rCold   x . .      Faith    .   H - +3 buckler
rNeg    + . .      Spirit   .   N - +2 acid dragon scales
rPois   ∞          Reflect  +   c - +0 helmet
rElec   .          Harm     .   (no cloak)
rCorr   +          Rampage  .   (no gloves)
Will    .....      NoTele   +   (boots unavailable)
Stlth   ..........              L - amulet of reflection
HPRegen 0.24/turn               x - +6 ring of intelligence
MPRegen 0.00/turn               z - +6 ring of strength

@: mighty, berserking (expiring), flying, hasted, very quick
A: sickness immunity, fire resistance 2, cold vulnerability 1, float, innate
caster, hp casting, extra vitality 1
a: Renounce Religion, Upheaval, Elemental Force


You were in the Dungeon.
You worshipped Qazlal.
Qazlal was most pleased with you.
You visited 1 branch

Inventory:

Hand Weapons
 D - the +7 Singing Sword {vorpal, sonic wave}
   (You found it in the Dungeon)

   It inflicts extra damage upon your enemies.
   It radiates damaging sonic waves as it strikes, especially in combat
   involving dangerous or numerous foes.
 E - the +11 plutonium sword {Contam Stlth-}
   (You found it in the Dungeon)

   It occasionally inflicts wild transmutation effects on those it strikes,
   inflicting malmutation or extra damage, or polymorphing them into a new form.
   Contam:    It causes magical contamination when unequipped.
   Stlth:     It makes you less stealthy.
 F - the +5 sword of Power {vorpal}
   (You found it in the Dungeon)

   It inflicts extra damage upon your enemies.
   It occasionally discharges a powerful but inaccurate bolt of energy upon
   striking a foe, with increased chance the greater the wielder's current
   health.
 G - the +9 sword of Zonguldrok {reap}
   (You found it in the Dungeon)

   Any living foe damaged by it may be reanimated upon death as a zombie
   friendly to the wielder, with an increasing chance as more damage is dealt.
 I - the +7 war axe "Xuapnuba" {freeze, Fragile Fly rF+ rC++}
   (You found it in the Dungeon)

   It freezes those it strikes, dealing additional cold damage.
   It can also slow down cold-blooded creatures.
   rF:        It protects you from fire.
   rC:        It greatly protects you from cold.
   Fly:       It grants you flight.
   Fragile:   It will be destroyed if unequipped.
 J - the +4 quick blade "Hoef" (weapon) {drain, rN+ Str+2 Int-2 Stlth+}
   (You found it in the Dungeon)

   A truly terrible weapon, it drains the life of any living foe it strikes.
   Str:       It affects your strength (+2).
   Int:       It affects your intelligence (-2).
   rN:        It protects you from negative energy.
   Stlth:     It makes you more stealthy.
 K - a +5 demon blade
Missiles
 d - 3 throwing nets (quivered)
Armour
 a - +5 fire dragon scales
 c - a +0 helmet (worn)
 C - +5 ice dragon scales
 H - a +3 buckler (worn)
 M - the +18 shield of the Gong {rElec rN+ Will+ EV-5}
   (You found it in the Dungeon)

   It is deafeningly noisy when blocking attacks.
   EV:        It affects your evasion (-5).
   rElec:     It insulates you from electricity.
   rN:        It protects you from negative energy.
   Will:      It increases your willpower.
 N - +2 acid dragon scales (worn)
Jewellery
 v - a +6 ring of dexterity
 w - a +6 ring of dexterity
 x - a +6 ring of intelligence (left hand)
 y - a +6 ring of intelligence
 z - a +6 ring of strength (right hand)
 A - a +6 ring of strength
 L - an amulet of reflection (around neck)
Wands
 s - a wand of mindburst (7)
 t - a wand of iceblast (7)
 u - a wand of acid (7)
Scrolls
 i - 4 scrolls of blinking
 o - 7 scrolls of fog
 p - a scroll of holy word
 q - 5 scrolls of identify
 r - 2 scrolls of fear
Potions
 e - 10 potions of curing
 f - 9 potions of heal wounds
 g - 5 potions of haste
 j - 2 potions of brilliance
 k - 2 potions of invisibility
 l - 4 potions of resistance
 m - a potion of experience
 n - 4 potions of might
Miscellaneous
 b - a phantom mirror
 B - a lightning rod (4/4)


   Skills:
 + Level 6.3 Fighting
 * Level 8.4 Long Blades
 - Level 1.5 Throwing
 + Level 5.8 Armour
 + Level 7.3 Dodging
 - Level 4.0 Shields
 + Level 4.3 Spellcasting


You had 9 spell levels left.
You knew the following spells:

 Your Spells              Type           Power      Damage    Failure   Level
a - Shock                 Conj/Air       68%        1d7       3%          1
b - Static Discharge      Conj/Air       17%        N/A       4%          2
c - Blink                 Tloc           34%        N/A       4%          2
Your spell library was empty.

Dungeon Overview and Level Annotations

Branches:
Dungeon (1/1)

Altars:
Ashenzari
Cheibriados
Dithmenos
Elyvilon
Fedhas
Gozag
Hepliaklqana
Kikubaaqudgha
Makhleb
Nemelex Xobeh
Okawaru
Qazlal
Ru
Sif Muna
Trog
Uskayaw
Vehumet
Wu Jian
Xom
Yredelemnul
Zin
The Shining One
Beogh
Jiyva
Lugonu

Annotations:
D 1 transporter


Innate Abilities, Weirdness & Mutations

You are immune to sickness and miasma.
You are immune to poison.
Your flesh is very heat resistant. (rF++)
You are vulnerable to cold. (rC-)
You float through the air rather than walking.
You learn spells naturally, not from books.
Your magical power is your life essence.
You have superior vitality. (+4 HP)


Message History

You closely miss the deep elf zephyrmancer.
The deep elf zephyrmancer is moderately wounded.
You puncture the deep elf zephyrmancer!
The deep elf zephyrmancer is heavily wounded.
You block the fire elemental's attack.
The deep elf zephyrmancer mumbles some strange words.
The deep elf zephyrmancer blinks!
You closely miss the deep elf zephyrmancer.
The deep elf zephyrmancer is heavily wounded.
You block the fire elemental's attack.
The deep elf zephyrmancer mumbles some strange words.
The deep elf zephyrmancer blinks!
You feel a strong urge to attack something.
The deep elf archer shoots an arrow.
The arrow barely misses you.
You hit the deep elf zephyrmancer.
The deep elf zephyrmancer is severely wounded.
You barely miss the deep elf zephyrmancer.
The deep elf zephyrmancer is severely wounded.
You block the fire elemental's attack.
The deep elf zephyrmancer points at you and mumbles some strange words.
The bolt of lightning misses you.
You puncture the deep elf zephyrmancer! You drain the deep elf zephyrmancer.
You kill the deep elf zephyrmancer!
Qazlal accepts your kill.
You can now give life to nearby clouds.
The deep elf archer mumbles some strange words.
The deep elf archer blinks!
Your Fighting skill increases to level 6!
Your Long Blades skill increases to level 8!
Your Armour skill increases to level 5!
Your Dodging skill increases to level 7!
Your Spellcasting skill increases to level 4!
You have reached level 7!
The power to cast Blink wells up from within.
Spell assigned to 'c'.
You puncture the fire elemental!
You destroy the fire elemental!
Qazlal accepts your kill.
The deep elf zephyrmancer gestures at you while chanting.
The bolt of lightning hits you!
You die...

▓.....▓.....▓.....▓
▓.††..▓.....▓..©..▓
▓..©..▓..©..▓▓▓▓▓▓▓
▓▓▓▓▓▓▓▓▓▓▓▓▓▓
▓..8©8...▓
▓..)e)...▓
▓...[.e§.▓
▓........▓
▓....@☼..▓
▓.▓°.○.▓.▓
▓...©....▓
▓▓▓▓▓▓▓▓▓▓


You could see a deep elf archer (repels missiles) and a deep elf zephyrmancer
(drained).

Vanquished Creatures
  A deep elf zephyrmancer (D)
  A fire elemental (D)
  2 necrophages (D)
  3 quasits (D)
  2 iron imps (D)
  A ball python skeleton (D)
  A ball python zombie (D)
11 creatures vanquished.

Notes
Turn   | Place    | Note
-------+----------+-------------------------------------------
     0 | D        | Turgor the Djinni Gladiator began the quest for the Orb.
     0 | D        | Reached XP level 1. HP: 18/18 MP: 0/0
     0 | D        | Found a sacrificial altar of Ru.
     0 | D        | Found a bloodstained altar of Trog.
     0 | D        | Found a stormy altar of Qazlal.
     0 | D        | Found an iron altar of Okawaru.
     0 | D        | Found a sparkling altar of Nemelex Xobeh.
     0 | D        | Found a blossoming altar of Fedhas.
     0 | D        | Found the +6 Majin-Bo {vamp, MP+6 Int+6}
     0 | D        | Found the +9 heavy crossbow "Sniper" {vorpal, Acc+∞ SInv}
     0 | D        | Found the +10 dark maul {vorpal}
     0 | D        | Found the +15 Maxwell's patent armour {-Cast -Tele rElec
                  | Will+ rCorr}
     0 | D        | Found the +18 shield of the Gong {rElec rN+ Will+ EV-5}
     0 | D        | Found the +14 obsidian axe {vorpal, Mesm Drain Fly SInv}
     0 | D        | Found the +7 great mace "Firestarter" {inner flame, rF++}
     0 | D        | Found the +6 shillelagh "Devastator" {shatter}
     0 | D        | Found the +11 plutonium sword {Contam Stlth-}
     0 | D        | Found the +8 lance "Wyrmbane" {slay drac, rPois rF+ rC+
                  | AC+3}
     0 | D        | Found the +9 sword of Zonguldrok {reap}
     0 | D        | Found the +13 scythe of Curses {drain, Drain}
     0 | D        | Found the +5 sword of Power {vorpal}
     0 | D        | Found the +7 mace of Variability {chain chaos}
     0 | D        | Found the +7 Singing Sword {vorpal, sonic wave}
     0 | D        | Found the +8 storm bow {elec, penet}
     2 | D        | Found a transporter.
     2 | D        | Found a viscous altar of Jiyva.
     2 | D        | Found a corrupted altar of Lugonu.
     2 | D        | Found a hazy altar of Hepliaklqana.
     2 | D        | Found a burning altar of Makhleb.
     2 | D        | Found an opulent altar of Gozag.
    92 | D        | Became a worshipper of Qazlal Stormbringer
   100 | D        | Entered arena 2.
   100 | D        | Noticed a quasit
   100 | D        | Noticed an iron imp
   100 | D        | Found a transporter.
   105 | D        | Killed a quasit
   106 | D        | Reached skill level 4 in Long Blades
   106 | D        | Reached skill level 1 in Spellcasting
   106 | D        | Reached XP level 2. HP: 15/24 MP: 0/0
   106 | D        | Reached XP level 3. HP: 18/29 MP: 0/0
   106 | D        | Learned a level 1 spell: Shock
   107 | D        | Reached XP level 4. HP: 22/35 MP: 0/0
   110 | D        | Got the +7 war axe "Xuapnuba" {freeze, Fragile Fly rF+
                  | rC++}
   113 | D        | Got the +4 quick blade "Hoef" {drain, rN+ Str+2 Int-2
                  | Stlth+}
   276 | D        | Entered arena 3.
   276 | D        | Found a transporter.
   294 | D        | Reached * piety under Qazlal
   300 | D        | Reached skill level 5 in Long Blades
   300 | D        | Reached skill level 5 in Dodging
   300 | D        | Reached XP level 5. HP: 28/41 MP: 0/0
   300 | D        | Learned a level 2 spell: Static Discharge
   312 | D        | Reached ** piety under Qazlal
   425 | D        | Entered arena 4.
   425 | D        | Noticed a necrophage
   425 | D        | Noticed a necrophage
   425 | D        | Found a transporter.
   433 | D        | Killed a necrophage
   434 | D        | Reached skill level 5 in Fighting
   434 | D        | Reached skill level 6 in Long Blades
   434 | D        | Reached XP level 6. HP: 49/49 MP: 0/0
   438 | D        | Killed a necrophage
   439 | D        | Reached skill level 7 in Long Blades
   454 | D        | Entered arena 5.
   454 | D        | Noticed a deep elf zephyrmancer
   454 | D        | Noticed a fire elemental
   454 | D        | Noticed a deep elf zephyrmancer
   454 | D        | Noticed a deep elf archer
   454 | D        | Found a transporter.
   480 | D        | Killed a deep elf zephyrmancer
   480 | D        | Reached *** piety under Qazlal
   481 | D        | Reached skill level 8 in Long Blades
   481 | D        | Reached skill level 5 in Armour
   481 | D        | Reached XP level 7. HP: 5/57 MP: 0/0
   481 | D        | Learned a level 2 spell: Blink
   481 | D        | Killed a fire elemental
   481 | D        | Killed from afar by a deep elf zephyrmancer

Illustrated notes

Levels and vault maps discovered:
D:        sprint_v [room_start, room_1, room_2, room_3, room_4, room_5, room_6,
          room_7, room_8, room_9, room_10, room_11, room_12, room_13, room_14,
          room_15, room_16, room_17, room_18, room_19, room_20, room_21,
          room_22, room_23, room_24, room_25, room_26, room_27]

Skill      XL: |  1  2  3  4  5  6 |
---------------+-------------------+-----
Long Blades    | 4 5 6 8 |  8.4
Armour         | 2 3 4 5 |  5.8
Dodging        | 4 5 6 7 |  7.3
Shields        | 2 3 4 |  4.0
Spellcasting   | 1 2 3 4 |  4.3
Fighting       | 3 4 5 6 |  6.3
Throwing       | |  1.5

Action                   |  1- 3 |  4- 6 |  7- 9 || total
-------------------------+-------+-------+-------++-------
Melee: Double sword      |     5 |       |       ||     5
       Quick blade       |       |    64 |     1 ||    65
  Use: Potion            |     1 |     5 |       ||     6
Armor: Leather armour    |     5 |    16 |       ||    21
       Acid dragon scale |       |     2 |       ||     2
Dodge: Dodged            |     4 |    57 |       ||    61
Block: Buckler           |       |    14 |       ||    14
       Reflection        |       |     2 |       ||     2

Table legend: (Time is in decaauts)
 A = Elapsed time spent in this place.
 B = Non-inter-level travel time spent in this place.
 C = Inter-level travel time spent in this place.
 D = Time resting spent in this place.
 E = Time spent auto-exploring this place.
 F = Levels seen in this place.
 G = Mean time per level.
                   A        B        C        D        E       F      G
               +--------+--------+--------+--------+--------+-----+--------+
         Total |    457 |    457 |      0 |    258 |      0 |   1 |  457.0 |
       Dungeon |    457 |    457 |      0 |    258 |      0 |   1 |  457.0 |
               +--------+--------+--------+--------+--------+-----+--------+

Top non-repeatable levels by time:
       D: 457 daAuts
